 Dungeon Crawl Stone Soup version 0.32-a0-172-gc5dd13f2a7 (webtiles) character file.

Game seed: 1233372595291772500

355 cforsyth the Trooper (level 6, -11/48 HPs)
             Began as a Djinni Hexslinger on Feb 13, 2024.
             Killed by an exploding wight (15 damage)
             ... ignited by their inner flame
             ... on level 4 of the Dungeon.
             The game lasted 00:04:49 (3346 turns).

cforsyth the Trooper (Djinni Hexslinger)            Turns: 3346, Time: 00:04:49

Health: -11/48     AC:  2    Str:  7    XL:     6   Next: 95%
Gold:   136        EV: 12    Int: 17    God:
                   SH:  0    Dex: 15

rFire   + + .        a - +1 sling
rCold   x . .        (no shield)
rNeg    . . .        c - +0 robe
rPois   ∞            (no helmet)
rElec   .            (no cloak)
rCorr   .            (no gloves)
SInv    .            (boots unavailable)
Will    .....        (no amulet)
Stlth   +            (no ring)
HPRegen 0.28/turn    (no ring)
MPRegen 0.00/turn

%: infuse magic (-12 HP)
@: flying
A: sickness immunity, fire resistance 2, cold vulnerability 1, float, innate
caster, HP casting, extra vitality 1
a: no special abilities


You were on level 4 of the Dungeon.
You visited 1 branch of the dungeon, and saw 4 of its levels.

You collected 136 gold pieces.


Innate Abilities, Weirdness & Mutations

You are immune to sickness and miasma.
You are immune to poison.
Your flesh is very heat resistant. (rF++)
You are vulnerable to cold. (rC-)
You float through the air rather than walking.
You learn spells naturally, not from books.
Your magical power is your life essence.
You have superior vitality. (+4 MHP)


   Skills:
 + Level 4.7 Fighting
 - Level 1.5 Ranged Weapons
 - Level 2.1 Dodging
 + Level 4.4 Spellcasting
 + Level 4.4 Conjurations
 + Level 4.4 Hexes
 + Level 4.4 Summonings
 + Level 4.4 Necromancy
 + Level 4.4 Translocations
 + Level 4.4 Fire Magic
 + Level 4.4 Ice Magic
 + Level 4.4 Air Magic
 + Level 4.4 Earth Magic
 + Level 4.4 Alchemy


You knew the following spells:

 Your Spells              Type           Power      Damage    Failure   Level
c - Cause Fear            Hex            9%         N/A       24%         4
f - Inner Flame           Hex/Fire       18%        N/A       8%          3
i - Call Imp              Summ           36%        N/A       3%          2
z - Sandblast             Erth           36%        2d10      2%          1
X - Jinxbite              Hex            36%        N/A       3%          2
Y - Sigil of Binding      Hex            18%        N/A       8%          3
Z - Dimensional Bullseye  Hex/Tloc       9%         N/A       24%         4
Your spell library was empty.

Inventory:

Hand Weapons
 a - a +1 sling (weapon)
Missiles
 o - 3 throwing nets {=f}
Armour
 c - a +0 robe (worn)
 k - a +0 pair of gloves
Jewellery
 R - a ring of resist corrosion
Scrolls
 b - a scroll of poison
 d - 2 scrolls of silence {unknown}
 e - a scroll of amnesia {unknown}
 f - 2 scrolls of noise {unknown}
 i - 3 scrolls of enchant weapon {unknown}
 l - 4 scrolls of identify {unknown}
 m - a scroll of blinking {unknown}
 n - a scroll of teleportation {unknown}
 p - a scroll of immolation {unknown}
 q - 2 scrolls of fear {unknown}
 r - a scroll of torment {unknown}
 t - a scroll of brand weapon {unknown}
 u - a scroll of revelation {unknown}
Potions
 g - a potion of heal wounds {unknown}
 h - 2 potions of ambrosia {unknown}
 j - a potion of resistance {unknown}
 s - 2 potions of curing {unknown}

Dungeon Overview and Level Annotations

Branches:
Dungeon (4/15)
 Temple: D:4-7

Altars:
Hepliaklqana
Nemelex Xobeh
Zin

...... ......#
.....# .. #...# ...
##.$.#######.<.
#..............
#...§§§........
#.5zz§§.....>..
##..@##..)###'##
#...##...###...#
#...#...........
#...#...............
#...#...............
#...#...............
#...#...............
#...#.............
##....###...#


You could see 2 wights and a friendly cerulean imp (summoned).


Message History

A tiny devil pulls itself out of the air.
The wight closely misses you. x2
Unknown command.
Unknown command.
Casting: Call Imp (safe; 3% risk of failure)
Confirm with . or Enter, or press ? or * to list all spells.
Aiming: Sandblast (safe; 2% risk of failure)
Press: ? - help, Shift-Dir - straight line, f/p - wight
Aim: a wight, wielding a +0 long sword and wearing a +0 robe (severely damaged, inner flame, 82% to hit)
The blast of sand hits the wight but does no damage.
The wight is severely damaged.
The wight hits you with a +3 falchion of freezing!
* * * LOW HITPOINT WARNING * * *
The wight freezes you.
* * * LOW HITPOINT WARNING * * *
The wight hits you with a +0 long sword!
* * * LOW HITPOINT WARNING * * *
Your cerulean imp barely misses the wight.
The wight barely misses you. The wight misses you. x2
Unknown command.
Casting: Sandblast (safe; 2% risk of failure)
Confirm with . or Enter, or press ? or * to list all spells.
Aiming: Sandblast (safe; 2% risk of failure)
Press: ? - help, Shift-Dir - straight line, f/p - wight
Aim: a wight, wielding a +0 long sword and wearing a +0 robe (severely damaged, inner flame, 82% to hit)
The blast of sand hits the wight.
* * * LOW HITPOINT WARNING * * *
The wight explodes!
The fiery explosion engulfs you! You resist.
You die...

Skill      XL: |  1  2  3  4  5  6 |
---------------+-------------------+-----
Spellcasting   | 3 4 |  4.4
Conjurations   | 3 4 |  4.4
Hexes          | 3 4 |  4.4
Summonings     | 3 4 |  4.4
Necromancy     | 3 4 |  4.4
Translocations | 3 4 |  4.4
Fire Magic     | 3 4 |  4.4
Ice Magic      | 3 4 |  4.4
Air Magic      | 3 4 |  4.4
Earth Magic    | 3 4 |  4.4
Alchemy        | 3 4 |  4.4
Fighting       | 2 3 4 |  4.7
Ranged Weapons | |  1.5
Dodging        | |  2.1

Action                     |  1- 3 |  4- 6 || total
---------------------------+-------+-------++-------
   Fire: Sling             |    77 |    44 ||   121
   Cast: Sandblast         |    15 |    89 ||   104
         Inner Flame       |       |    12 ||    12
         Call Imp          |       |     1 ||     1
 Armour: Robe              |    20 |    26 ||    46
  Dodge: Dodged            |    21 |    44 ||    65

Levels and vault maps discovered:
D:1:      dpeg_arrival_oval, layout_basic, minmay_misc_feat_hallway
D:2:      layout_basic, nicolae_kite_square_tiling_tiny, minmay_puff
D:3:      layout_basic, mainiacjoe_overflow_swirl,
          nicolae_hepliaklqana_hazy_memory, dreamdust_ecumenical_altar_statues
D:4:      layout_gridville, serial_glass, glass_columns_c, glass_columns_a,
          gammafunk_ghost_arena, kennysheep_generic_room_12

Notes
Turn   | Place    | Note
-------+----------+-------------------------------------------
     0 | D:1      | cforsyth the Djinni Hexslinger began the quest for the Orb.
     0 | D:1      | cforsyth set off with the following spells memorised:
                  | Jinxbite, Sigil of Binding, Inner Flame, Cause Fear,
                  | Dimensional Bullseye.
     0 | D:1      | Reached XP level 1. HP: 17/17 MP: 0/0
   176 | D:1      | Reached XP level 2. HP: 22/22 MP: 0/0
   339 | D:1      | Reached skill level 3 in Spellcasting
   339 | D:1      | Reached skill level 3 in Conjurations
   339 | D:1      | Reached skill level 3 in Hexes
   339 | D:1      | Reached skill level 3 in Summonings
   339 | D:1      | Reached skill level 3 in Necromancy
   339 | D:1      | Reached skill level 3 in Translocations
   339 | D:1      | Reached skill level 3 in Fire Magic
   339 | D:1      | Reached skill level 3 in Ice Magic
   339 | D:1      | Reached skill level 3 in Air Magic
   339 | D:1      | Reached skill level 3 in Earth Magic
   339 | D:1      | Reached skill level 3 in Alchemy
   587 | D:1      | Reached skill level 2 in Fighting
   587 | D:1      | Reached XP level 3. HP: 17/28 MP: 0/0
   587 | D:1      | Learned a level 1 spell: Sandblast
  1209 | D:2      | Reached XP level 4. HP: 32/34 MP: 0/0
  1348 | D:2      | Reached skill level 3 in Fighting
  1809 | D:2      | Reached XP level 5. HP: 40/40 MP: 0/0
  1809 | D:2      | Learned a level 2 spell: Call Imp
  2021 | D:3      | Found a faded altar of an unknown god.
  2238 | D:3      | Reached XP level 6. HP: 33/47 MP: 0/0
  2245 | D:3      | Reached skill level 4 in Spellcasting
  2245 | D:3      | Reached skill level 4 in Conjurations
  2245 | D:3      | Reached skill level 4 in Hexes
  2245 | D:3      | Reached skill level 4 in Summonings
  2245 | D:3      | Reached skill level 4 in Necromancy
  2245 | D:3      | Reached skill level 4 in Translocations
  2245 | D:3      | Reached skill level 4 in Fire Magic
  2245 | D:3      | Reached skill level 4 in Ice Magic
  2245 | D:3      | Reached skill level 4 in Air Magic
  2245 | D:3      | Reached skill level 4 in Earth Magic
  2245 | D:3      | Reached skill level 4 in Alchemy
  2343 | D:3      | Found a glowing silver altar of Zin.
  2387 | D:3      | Reached skill level 4 in Fighting
  2432 | D:3      | Found a hazy altar of Hepliaklqana.
  2650 | D:3      | HP: 3/47 [orc priest/+0 flail (6)]
  3069 | D:3      | Found a sparkling altar of Nemelex Xobeh.
  3346 | D:4      | Killed by an exploding wight... ignited by their inner
                  | flame

Vanquished Creatures
  A wight (D:4)
  A bombardier beetle (D:4)
  An iguana (D:4)
  2 orc priests (D:3)
  An orc wizard (D:3)
  7 gnolls
  6 adders
  A dart slug (D:1)
  4 ribbon worms
  8 orcs
  2 endoplasms
  2 giant cockroaches
  3 goblins
  8 hobgoblins
  4 jackals (D:4)
  8 kobolds
  4 quokkas
  7 ball pythons
  7 bats
  7 frilled lizards
  5 rats
89 creatures vanquished.

Table legend: (Time is in decaauts)
 A = Elapsed time spent in this place.
 B = Non-inter-level travel time spent in this place.
 C = Inter-level travel time spent in this place.
 D = Time resting spent in this place.
 E = Time spent auto-exploring this place.
 F = Levels seen in this place.
 G = Mean time per level.
                   A        B        C        D        E       F      G
               +--------+--------+--------+--------+--------+-----+--------+
         Total |   3435 |   3317 |    118 |     75 |   2656 |   4 |  858.8 |
       Dungeon |   3435 |   3317 |    118 |     75 |   2656 |   4 |  858.8 |
               +--------+--------+--------+--------+--------+-----+--------+

Top non-repeatable levels by time:
     D:3: 1283 daAuts
     D:1: 1072 daAuts
     D:2: 875 daAuts
     D:4: 205 daAuts

Table legend:
 A = Non-vault XP
 B = Vault XP
 C = Vault XP percentage of total XP
 D = Non-vault monster count
 E = Vault monster count
 F = Vault count percentage of total count
                 A         B        C        D         E       F
            +---------+---------+-------+---------+---------+-------
      Total |     572 |       6 |   1.0 |      85 |       4 |   4.5
            +---------+---------+-------+---------+---------+-------
        D:1 |      36 |       0 |   0.0 |      23 |       0 |   0.0
        D:2 |      97 |       6 |   5.8 |      17 |       4 |  19.0
        D:3 |     259 |       0 |   0.0 |      33 |       0 |   0.0
        D:4 |     180 |       0 |   0.0 |      12 |       0 |   0.0
            +---------+---------+-------+---------+---------+-------
